 Dungeon Crawl Stone Soup version 0.30.1-4-g462c640d31 (webtiles) character file.

Game seed: 9822237440069780377

79 Bobit the Magician (level 4, -22/32 HPs)
             Began as a Gnoll Wanderer on Aug 20, 2023.
             Annihilated by an ogre
             ... wielding a +0 giant spiked club
              (24 damage)
             ... on level 5 of the Dungeon.
             The game lasted 00:04:14 (2244 turns).

Bobit the Magician (Gnoll Wanderer)                 Turns: 2244, Time: 00:04:15

Health: -22/32     AC: 10    Str: 15    XL:     4   Next: 37%
Magic:  13/13      EV:  8    Int: 13    God:
Gold:   88         SH:  0    Dex:  8    Spells: 16/17 levels left

rFire   . . .        a - +2 mace
rCold   . . .        (no shield)
rNeg    . . .        m - +0 chain mail
rPois   .            (no helmet)
rElec   .            (no cloak)
rCorr   .            (no gloves)
SInv    +            (no boots)
Will    .....        (no amulet) Stlth
                     f - ring of see invisible
HPRegen 0.25/turn    (no ring)
MPRegen 0.13/turn

%: no passive effects
@: no status effects
A: fangs 1, strong nose, distributed training
a: no special abilities


You were on level 5 of the Dungeon.
You visited 1 branch of the dungeon, and saw 5 of its levels.

You collected 88 gold pieces.

Inventory:

Hand Weapons
 a - a +2 mace (weapon)
Armour
 b - a +0 ring mail
 m - a +0 chain mail (worn)
Jewellery
 f - a ring of see invisible (left hand)
Scrolls
 h - a scroll of noise {unknown}
 i - a scroll of blinking {unknown}
 j - 4 scrolls of teleportation {unknown}
 l - a scroll of poison {unknown}
 n - a scroll of immolation {unknown}
 p - a scroll of fear {unknown}
Potions
 d - 2 potions of heal wounds {unknown}
 e - 2 potions of mutation {unknown}
 g - a potion of flight {unknown}
 k - a potion of brilliance {unknown}
 o - a potion of degeneration {unknown}


   Skills:
 + Level 1.2 Fighting
 + Level 1.2 Short Blades
 + Level 1.2 Long Blades
 + Level 1.2 Axes
 + Level 6.6 Maces & Flails
 + Level 1.2 Polearms
 + Level 1.2 Staves
 + Level 1.2 Ranged Weapons
 + Level 1.2 Throwing
 + Level 6.6 Armour
 + Level 2.8 Dodging
 + Level 1.2 Stealth
 + Level 1.2 Shields
 + Level 1.2 Unarmed Combat
 + Level 7.2 Spellcasting
 + Level 1.0 Conjurations
 + Level 1.0 Hexes
 + Level 1.0 Summonings
 + Level 1.0 Necromancy
 + Level 1.0 Translocations
 + Level 1.0 Transmutations
 + Level 1.0 Fire Magic
 + Level 1.0 Ice Magic
 + Level 1.0 Air Magic
 + Level 1.0 Earth Magic
 + Level 1.0 Poison Magic
 + Level 1.3 Invocations
 + Level 1.2 Evocations


You had 16 spell levels left.
You knew the following spells:

 Your Spells              Type           Power      Damage    Failure   Level
a - Necrotise             Necr           28%        1d5       73%         1

Your spell library contained the following spells:

 Spells                   Type           Power      Damage    Failure   Level
 Vampiric Draining        Necr           7%         2d6       97%         3


Dungeon Overview and Level Annotations

Branches:
Dungeon (6/15)
 Temple: D:4-7

Altars:


Innate Abilities, Weirdness & Mutations

You have very sharp teeth.
Your uncanny sense of smell can sniff out nearby items.
Your experience applies equally to all skills.


Message History

There is an open door here.
An ogre comes into view. It is wielding a +0 giant spiked club.
The ogre shouts!
The jackal attacks as you move away! The jackal barely misses you.
The jackal bites you but does no damage.
You closely miss the jackal. The jackal bites you.
You sock the jackal!
You kill the jackal!
You thump the jackal!
You kill the jackal!
The jackal bites you but does no damage.
You hit the jackal.
The jackal is heavily wounded.
The jackal barely misses you. The ogre misses you.
You sock the jackal!
You kill the jackal!
Your Conjurations skill increases to level 1!
Your Hexes skill increases to level 1!
Your Summonings skill increases to level 1!
Your Necromancy skill increases to level 1!
Your Translocations skill increases to level 1!
Your Transmutations skill increases to level 1!
Your Fire Magic skill increases to level 1!
Your Ice Magic skill increases to level 1!
Your Air Magic skill increases to level 1!
Your Earth Magic skill increases to level 1!
Your Poison Magic skill increases to level 1!
Things that are here:
a jackal corpse; a jackal corpse The ogre attacks as you move away!
The ogre hits you with a +0 giant spiked club!
The ogre barely misses you.
There is an open door here.
The ogre hits you with a +0 giant spiked club!
Ouch! That really hurt!
* * * LOW HITPOINT WARNING * * *
The ogre attacks as you move away!
The ogre hits you with a +0 giant spiked club!!
Ouch! That really hurt!
You die...

#.# #############
#.## ##............
∆#..# ##....O@.......
+.. ##..............
#.. #....###########
#.# #...## #.#
#....##############.#
##................#†#
##...............'.#
##.....(........###
################


You could see an ogre.

Vanquished Creatures
  4 adders
  A worm (D:2)
  A ball python (D:1)
  4 endoplasms
  2 giant cockroaches
  5 goblins
  2 hobgoblins
  3 jackals (D:5)
  A quokka (D:2)
  3 bats
  3 frilled lizards (D:1)
  6 kobolds
  2 rats (D:1)
37 creatures vanquished.

Notes
Turn   | Place    | Note
-------+----------+-------------------------------------------
     0 | D:1      | Bobit the Gnoll Wanderer began the quest for the Orb.
     0 | D:1      | Bobit set off with the following items: a +2 mace, a +0
                  | ring mail, a scroll of fog; and the following spell
                  | memorised: Necrotise; and the following spells available to
                  | memorise: Vampiric Draining.
     0 | D:1      | Reached XP level 1. HP: 13/13 MP: 8/8
   377 | D:1      | Reached XP level 2. HP: 9/19 MP: 1/10
  1017 | D:2      | Reached XP level 3. HP: 17/25 MP: 11/11
  1380 | D:2      | Reached skill level 1 in Invocations
  1644 | D:2      | Reached skill level 1 in Fighting
  1644 | D:2      | Reached skill level 1 in Short Blades
  1644 | D:2      | Reached skill level 1 in Long Blades
  1644 | D:2      | Reached skill level 1 in Axes
  1644 | D:2      | Reached skill level 1 in Polearms
  1644 | D:2      | Reached skill level 1 in Staves
  1644 | D:2      | Reached skill level 1 in Ranged Weapons
  1644 | D:2      | Reached skill level 1 in Throwing
  1644 | D:2      | Reached skill level 1 in Stealth
  1644 | D:2      | Reached skill level 1 in Shields
  1644 | D:2      | Reached skill level 1 in Unarmed Combat
  1644 | D:2      | Reached skill level 1 in Evocations
  2068 | D:3      | Reached XP level 4. HP: 26/32 MP: 13/13
  2097 | D:3      | Identified the scarf "Vitec" {harm, -Cast rF++ Regen+
                  | Dex+3}
  2124 | D:3      | You fall into a shaft and drop 3 floors!
  2166 | D:6      | Noticed a yak
  2167 | D:6      | Noticed a yak
  2168 | D:6      | Noticed a yak
  2203 | D:5      | Entered Level 5 of the Dungeon
  2212 | D:5      | Noticed an ogre
  2219 | D:5      | Reached skill level 1 in Conjurations
  2219 | D:5      | Reached skill level 1 in Hexes
  2219 | D:5      | Reached skill level 1 in Summonings
  2219 | D:5      | Reached skill level 1 in Necromancy
  2219 | D:5      | Reached skill level 1 in Translocations
  2219 | D:5      | Reached skill level 1 in Transmutations
  2219 | D:5      | Reached skill level 1 in Fire Magic
  2219 | D:5      | Reached skill level 1 in Ice Magic
  2219 | D:5      | Reached skill level 1 in Air Magic
  2219 | D:5      | Reached skill level 1 in Earth Magic
  2219 | D:5      | Reached skill level 1 in Poison Magic
  2244 | D:5      | Annihilated by an ogre

Illustrated notes

Levels and vault maps discovered:
D:1:      psy_arrival_whirlpool, layout_basic
D:2:      layout_basic
D:3:      layout_loops_ring, cheibriados_altar_2
D:5:      layout_basic, nicolae_ossuary_entry_ruins, nrook_uturn
D:6:      layout_layer_cave, grunt_decor_clamped, minmay_misc_feat_diagonals,
          uniq_edmund

Skill      XL: |  1  2  3  4 |
---------------+-------------+-----
Invocations    | 1 |  1.3
Fighting       | 1 |  1.2
Short Blades   | 1 |  1.2
Long Blades    | 1 |  1.2
Axes           | 1 |  1.2
Polearms       | 1 |  1.2
Staves         | 1 |  1.2
Ranged Weapons | 1 |  1.2
Throwing       | 1 |  1.2
Stealth        | 1 |  1.2
Shields        | 1 |  1.2
Unarmed Combat | 1 |  1.2
Evocations     | 1 |  1.2
Conjurations   | 1 |  1.0
Hexes          | 1 |  1.0
Summonings     | 1 |  1.0
Necromancy     | 1 |  1.0
Translocations | 1 |  1.0
Transmutations | 1 |  1.0
Fire Magic     | 1 |  1.0
Ice Magic      | 1 |  1.0
Air Magic      | 1 |  1.0
Earth Magic    | 1 |  1.0
Poison Magic   | 1 |  1.0
Maces & Flails | |  6.6
Armour         | |  6.6
Dodging        | |  2.8
Spellcasting   | |  7.2

Action                     |  1- 3 |  4- 6 || total
---------------------------+-------+-------++-------
  Melee: Mace              |    75 |    11 ||    86
         Bite              |     6 |       ||     6
   Cast: Necrotise         |    13 |       ||    13
    Use: Scroll            |       |     1 ||     1
 Armour: Ring mail         |    28 |       ||    28
         Chain mail        |    22 |     8 ||    30
  Dodge: Dodged            |    47 |     7 ||    54
